 Dungeon Sprint DCSS version 0.17-a0-945-g601bd79 (webtiles) character file.

407320 ahoge the Skullcrusher (level 21, -5/163 HPs)
             Began as a Gargoyle Fighter on May 6, 2015.
             Was the Champion of Okawaru.
             Killed from afar by an acid blob (7 damage)
             ... with a splash of acid
             ... created by the royal jelly
             ... while paralysed by a giant eyeball
             ... in the Dungeon (Sprint IX: "|||||||||||||||||||||||||||||").
             The game lasted 01:11:45 (7676 turns).

ahoge the Skullcrusher (Gargoyle Fighter)           Turns: 7676, Time: 01:11:46

Health: -5/163     AC:  3    Str: 25      XL:     21   Next: 67%
Magic:  0/38       EV:  2    Int: 10 (11) God:    Okawaru [******]
Gold:   1952       SH:  0    Dex: 33      Spells: 0 memorised, 44 levels left

rFire  + . .     SeeInvis +     P - +11 morningstar "Eos" {elec, -Tele rElec SInv}
rCold  . . .     Clarity  +     I - +3 ring mail
rNeg   + + .     SustAb   .     q - +3 large shield of the Last Eyes {Dex+9}
rPois  ∞         Gourm    .     (helmet restricted)
rElec  +         Spirit   +     Z - +2 cloak {MR+}
rCorr  .         Warding  .     S - +1 pair of gloves "Senguudgh" {Str+6}
rMut   .         NoTele   +     O - +0 pair of boots of Shadows and Fog {Dex+2}
MR     ++...                    x - amulet "Tonloos" {Spirit rPois rN+}
Stlth  ++++......               D - +6 ring of dexterity
                                u - +2 ring of protection

@: paralysed, heroism, finesse, corroded equipment, flying, very resistant to
hostile enchantments, stealthy
A: big wings, horns 1, talons 1, blurry vision 1, clarity, deformed body,
deterioration 1, dopey 1, fire resistance 1, negative energy resistance 1,
electricity resistance, unbreathing, petrification resistance, rot immunity, AC
+15
a: Stop Flying, Heroism, Finesse, Renounce Religion
0: Orb of Zot
}: 6/15 runes: decaying, serpentine, barnacled, elven, silver, gossamer


You were in the Dungeon.
You worshipped Okawaru.
Okawaru was exalted by your worship.
You were hungry.

You visited 1 branch You collected 1952 gold pieces.

Inventory:

Hand weapons
 A - the +5 great mace "Leviticus" {crush, MR++ Dex+2 Stlth+}
   (You found it in the Dungeon)

   It inflicts extra damage upon your enemies.
   It affects your dexterity (+2).
   It affects your resistance to hostile enchantments.
   It makes you more stealthy.
 G - a +2 eveningstar of holy wrath
 P - the +11 morningstar "Eos" (weapon) {elec, -Tele rElec SInv}
   (You found it in the Dungeon)

   Occasionally, upon striking a foe, it will discharge some electrical energy
   and cause terrible harm.
   It insulates you from electricity.
   It enhances your eyesight.
   It prevents most forms of teleportation.
 U - the +10 dark maul {crush}
   (You found it in the Dungeon)

   It inflicts extra damage upon your enemies.
Armour
 b - the +1 cloak of Polu {rPois rN+}
   (Okawaru gifted it to you in the Dungeon)

   It protects you from poison.
   It protects you from negative energy.
 q - the +3 large shield of the Last Eyes (worn) {Dex+9}
   (You found it in the Dungeon)

   It affects your dexterity (+9).
 t - a +0 large shield of positive energy
 E - a +0 plate armour of magic resistance
 I - a +3 ring mail (worn)
 O - the +0 pair of boots of Shadows and Fog (worn) {Dex+2}
   (Okawaru gifted it to you in the Dungeon)

   It affects your dexterity (+2).
 Q - the +0 large shield "Orchoh" {-Cast rPois rCorr Stlth+}
   (You found it in the Dungeon)

   It protects you from poison.
   It prevents spellcasting.
   It protects you from acid and corrosion.
   It makes you more stealthy.
 S - the +1 pair of gloves "Senguudgh" (worn) {Str+6}
   (You found it in the Dungeon)

   It affects your strength (+6).
 T - a +2 large shield of reflection
 Z - a +2 cloak of magic resistance (worn)
Jewellery
 c - an uncursed amulet of regeneration
 r - an uncursed ring of invisibility
 u - a +2 ring of protection (left hand)
 x - the amulet "Tonloos" (around neck) {Spirit rPois rN+}
   (You found it in the Dungeon)

   [amulet of guardian spirit]

   It causes incoming damage to be split between your health and magic.
   It protects you from poison.
   It protects you from negative energy.
 D - a +6 ring of dexterity (right hand)
 J - the ring of Mutadein {+Blink rN+ MP-9 Int+4 SInv}
   (You found it in the Dungeon)

   [ring of see invisible]

   It affects your intelligence (+4).
   It protects you from negative energy.
   It affects your magic capacity (-9).
   It enhances your eyesight.
   It lets you blink.
 K - the ring of Olegenih {rPois MP+9 Str+3 Dex-3}
   (You found it in the Dungeon)

   [ring of magical power]

   It affects your strength (+3).
   It affects your dexterity (-3).
   It protects you from poison.
   It affects your magic capacity (+9).
 L - the ring "Luturueli" {rF++ rC- MR+ Int+3}
   (You found it in the Dungeon)

   [ring of protection from magic]

   It affects your intelligence (+3).
   It greatly protects you from fire.
   It makes you vulnerable to cold.
   It affects your resistance to hostile enchantments.
 M - the amulet "Avvuboi" {rMut +Blink SInv}
   (You found it in the Dungeon)

   [amulet of resist mutation]

   It protects you from mutation.
   It enhances your eyesight.
   It lets you blink.
 V - the ring of Interdependent Arising {+Blink MR+}
   (You found it in the Dungeon)

   [ring of protection from magic]

   It affects your resistance to hostile enchantments.
   It lets you blink.
Magical devices
 a - a wand of teleportation (3)
 p - a wand of cold (7)
 H - a wand of hasting (5)
Scrolls
 k - 6 scrolls of blinking
 n - 5 scrolls of remove curse
 o - 2 scrolls of amnesia
 s - 2 scrolls of enchant armour
 w - a scroll of fear
 y - a scroll of identify
 z - 4 scrolls of recharging
 Y - 4 scrolls of fog
Potions
 d - 2 potions of might
 f - 8 potions of curing
 g - 7 potions of heal wounds
 h - 3 potions of haste
 i - 4 potions of magic
 j - a potion of berserk rage
 l - a potion of resistance
 m - a potion of invisibility
 v - 3 potions of brilliance
 W - a potion of cure mutation
 X - 5 potions of agility
Comestibles
 e - 12 bread rations
 B - 14 meat rations
 C - 40 fruits
 F - 19 chunks of flesh
 N - a royal jelly


   Skills:
 O Level 27 Fighting
 O Level 27 Maces & Flails
 + Level 13.2(18.2) Throwing
 O Level 27 Armour
 O Level 27 Dodging
 O Level 27 Stealth
 O Level 27 Shields
 + Level 13.2(18.2) Unarmed Combat
 + Level 12.2 Spellcasting
 O Level 27 Invocations
 + Level 12.2 Evocations


You had 44 spell levels left.
You didn't know any spells.

Dungeon Overview and Level Annotations

Branches:
Dungeon (1/1)

Altars:
Cheibriados
Dithmenos
Elyvilon
Fedhas
Gozag
Kikubaaqudgha
Makhleb
Nemelex Xobeh
Okawaru
Qazlal
Ru
Sif Muna
Trog
Vehumet
Xom
Yredelemnul
Zin
The Shining One
Beogh
Jiyva
Lugonu

Shops:
D ![%*


Innate Abilities, Weirdness & Mutations

You are resistant to torment.
Your stone body is resilient (AC +15).
You are immune to poison.
Your large and strong wings let you fly indefinitely.
You resist negative energy.
You are resistant to electric shocks.
You can survive without breathing.
You are immune to petrification.
You are immune to rotting.
You have a pair of small horns on your head.
You have sharp toenails.
Scrolls take you a little longer to read.
You possess an exceptional clarity of mind.
Armour fits poorly on your strangely shaped body.
Your body sometimes deteriorates upon taking damage.
You are dopey. (Int -2)
Your flesh is heat resistant.


Message History

One of the royal jelly's fragments survives.
You block the azure jelly's attack. The azure jelly hits you.
The azure jelly freezes you!! You block the azure jelly's attack.
The azure jelly completely misses you.
You puncture the azure jelly!
The azure jelly is moderately wounded.
The giant eyeball gazes at you.
You suddenly lose the ability to move!
The death ooze hits you!
* * * LOW HITPOINT WARNING * * *
The death ooze hits you!!
* * * LOW HITPOINT WARNING * * *
The death ooze hits you!!
* * * LOW HITPOINT WARNING * * *
Your body deteriorates!
You feel dopey.
You feel terrible. The death ooze hits you.
* * * LOW HITPOINT WARNING * * *
The acid blob spits acid at you. The splash of acid hits you!
You die...

▓.▓.▓.▓.▓.▓.▓.▓.▓)
▓.▓.▓.▓.▓[▓.▓.▓.▓(
▓'▓.▓.▓.▓.▓.▓.▓.▓.
▓.▓.▓.▓.▓'▓.▓.▓.▓)
▓(▓.▓.▓.▓)▓.▓.▓.▓.
▓.▓.▓.▓.▓)▓.▓.▓.▓(
▓J▓.▓.▓.▓.▓.▓.▓.▓)
▓J▓.▓.▓.▓)▓.▓.▓.▓)
▓@▓.▓.▓.▓.▓.▓.▓.▓.
▓J▓.▓.▓.▓.▓.▓.▓.▓)
▓J▓.▓'▓.▓.▓.▓.▓.▓.
▓J▓.▓.▓.▓.▓.▓.▓.▓)
▓J▓.▓.▓.▓.▓.▓.▓.▓)
▓G▓.▓.▓.▓'▓.▓.▓.▓(
▓J▓.▓.▓.▓)▓.▓.▓.▓'
▓.▓.▓[▓.▓)▓.▓.▓.▓.
▓.▓.▓.▓)▓.▓)▓.▓[


You could see an acid blob, 2 azure jellies, 4 death oozes and a giant eyeball.

Vanquished Creatures
  the royal jelly (D)
  3 ancient liches (D)
  4 orbs of fire (D)
  Mara (D)
  Mennas (D)
  Boris (D)
  Frederick (D)
  Margery (D)
  Norris (D)
  A Killer Klown (D)
  4 golden dragons (D)
  Nikola (D)
  Jory (D)
  Xtahua (D)
  A bone dragon (D)
  3 electric golems (D)
  3 liches (D)
  4 tentacled monstrosities (D)
  27 Orb Guardians (D)
  A Shadow Fiend (D)
  4 deep elf blademasters (D)
  A deep elf master archer (D)
  3 quicksilver dragons (D)
  4 acid blobs (D)
  6 storm dragons (D)
  A thorn hunter (D)
  7 shadow dragons (D)
  5 greater nagas (D)
  A draconian monk (D)
  Ilsuiw (D)
  2 fire giants (D)
  An azure jelly (D)
  3 ghost moths (D)
  A vault warden (D)
  A frost giant (D)
  5 deep elf sorcerers (D)
  3 draconian knights (D)
  Louise (D)
  9 emperor scorpions (D)
  3 draconian zealots (D)
  A draconian shifter (D)
  3 stone giants (D)
  4 ironheart preservers (D)
  A draconian annihilator (D)
  A deep elf demonologist (D)
  6 black draconians (D)
  7 vampire knights (D)
  2 green draconians (D)
  2 red draconians (D)
  3 yellow draconians (D)
  3 mottled draconians (D)
  A purple draconian (D)
  A deep elf annihilator (D)
  2 merfolk javelineers (D)
  25 vault guards (D)
  2 merfolk impalers (D)
  2 deep elf death magi (D)
  2 death oozes (D)
  An ettin (D)
  2 fire dragons (D)
  2 yaktaur captains (D)
  2 entropy weavers (D)
  6 death cobs (D)
  2 ice dragons (D)
  4 naga warriors (D)
  A great orb of eyes (D)
  2 merfolk avatars (D)
  An anaconda (D)
  4 hydras (D)
  5 merfolk aquamancers (D)
  2 centaur warriors (D)
  9 ogre magi (D)
  An alligator (D)
  A deep troll earth mage (D)
  2 vampire magi (D)
  2 tengu warriors (D)
  A naga sharpshooter (D)
  2 shock serpents (D)
  4 hell knights (D)
  An ice devil (D)
  2 unseen horrors (D)
  An unseen horror (shapeshifter) (D)
  7 swamp dragons (D)
  2 sea snakes (D)
  An ironbrand convoker (D)
  3 giant orange brains (D)
  2 necromancers (D)
  A harpy (shapeshifter) (D)
  8 orc knights (D)
  A hornet (D)
  3 hill giants (D)
  2 ugly things (D)
  2 cyclopes (D)
  A wizard (D)
  2 wolf spiders (D)
  2 griffons (D)
  An orc sorcerer (D)
  A guardian serpent (D)
  6 black mambas (D)
  8 moths of wrath (D)
  An orange demon (D)
  A smoke demon (D)
  2 vault sentinels (D)
  5 naga magi (D)
  A spiny frog (D)
  2 yaktaurs (D)
  A kobold demonologist (D)
  An efreet (D)
  4 demonic crawlers (D)
  3 freezing wraiths (D)
  4 merfolk (D)
  2 two-headed ogres (D)
  A blink frog (D)
  A troll (shapeshifter) (D)
  3 bog bodies (D)
  2 snapping turtles (D)
  A wind drake (D)
  2 slime creatures (D)
  A yak (D)
  A boulder beetle (D)
  3 redbacks (D)
  11 spriggans (D)
  A tarantella (D)
  2 trapdoor spiders (D)
  A basilisk (D)
  A deep elf fighter (D)
  4 vampire mosquitoes (D)
  A neqoxec (D)
  A golden eye (D)
  A dwarf (shapeshifter) (D)
  A water moccasin (shapeshifter) (D)
  3 swamp drakes (D)
  A sky beast (D)
  A water moccasin (D)
  A wasp (D)
  3 boggarts (D)
  11 orc warriors (D)
  5 crocodiles (D)
  An ice beast (D)
  5 ogres (D)
  4 brain worms (D)
  2 scorpions (D)
  A crimson imp (D)
  5 orc priests (D)
  A worker ant (D)
  3 iguanas (D)
  2 orc wizards (D)
  A sheep (D)
  A river rat (D)
  A shadow imp (D)
  A giant eyeball (D)
  An ooze (D)
  An adder zombie (D)
  4 worms (D)
  4 orcs (D)
  A bat skeleton (D)
  2 bat zombies (D)
  3 hobgoblins (D)
  A jackal (D)
  3 kobolds (D)
  A quokka (D)
  A bat (D)
  A bat simulacrum (D)
  A giant gecko skeleton (D)
  2 giant newts (D)
  A goblin (D)
  2 rats (D)
452 creatures vanquished.

Vanquished Creatures (others)
  Ereshkigal (D)
  A lich (D)
  A sixfirhy (D)
  A swamp drake (D)
  A briar patch (D)
  A fungus (D)
6 creatures vanquished.

Grand Total: 458 creatures vanquished

Notes
Turn   | Place    | Note
--------------------------------------------------------------
     0 | D        | ahoge, the Gargoyle Fighter, began the quest for the Orb.
     0 | D        | Reached XP level 1. HP: 14/14 MP: 1/1
    17 | D        | Reached skill level 4 in Shields
    69 | D        | Noticed a crimson imp
    73 | D        | Killed a crimson imp
    73 | D        | Reached skill level 5 in Armour
    73 | D        | Reached skill level 5 in Shields
    73 | D        | Reached XP level 2. HP: 18/20 MP: 2/2
    73 | D        | Reached XP level 3. HP: 21/24 MP: 3/3
    91 | D        | Found a glowing silver altar of Zin.
    91 | D        | Found a glowing golden altar of the Shining One.
    91 | D        | Found an ancient bone altar of Kikubaaqudgha.
    91 | D        | Found a basalt altar of Yredelemnul.
    91 | D        | Found a shimmering altar of Xom.
    91 | D        | Found a radiant altar of Vehumet.
    92 | D        | Found an iron altar of Okawaru.
    93 | D        | Found a burning altar of Makhleb.
    94 | D        | Found a deep blue altar of Sif Muna.
    95 | D        | Found a bloodstained altar of Trog.
    96 | D        | Found a sparkling altar of Nemelex Xobeh.
    97 | D        | Found a white marble altar of Elyvilon.
    98 | D        | Found a roughly hewn altar of Beogh.
    99 | D        | Found a viscous altar of Jiyva.
   100 | D        | Became a worshipper of Warmaster Okawaru
   101 | D        | Found a corrupted altar of Lugonu.
   102 | D        | Found a blossoming altar of Fedhas.
   103 | D        | Found a snail-covered altar of Cheibriados.
   104 | D        | Found a shadowy altar of Dithmenos.
   105 | D        | Found a stormy altar of Qazlal.
   106 | D        | Found an opulent altar of Gozag.
   107 | D        | Found a sacrificial altar of Ru.
   154 | D        | Noticed a scorpion
   154 | D        | Noticed an ice beast
   154 | D        | Noticed a scorpion
   154 | D        | Noticed a worker ant
   166 | D        | Killed a scorpion
   166 | D        | Reached skill level 5 in Fighting
   166 | D        | Reached skill level 6 in Shields
   166 | D        | Reached XP level 4. HP: 23/32 MP: 4/4
   169 | D        | Killed an ice beast
   169 | D        | Reached skill level 1 in Dodging
   169 | D        | Reached skill level 7 in Shields
   169 | D        | Reached XP level 5. HP: 17/37 MP: 5/5
   172 | D        | Killed a scorpion
   172 | D        | Acquired Okawaru's first power
   172 | D        | Reached skill level 8 in Shields
   177 | D        | Killed a worker ant
   177 | D        | Reached XP level 6. HP: 19/44 MP: 6/6
   454 | D        | Noticed a sky beast
   454 | D        | Noticed a vampire mosquito
   454 | D        | Noticed a wasp
   454 | D        | Noticed a centaur warrior
   454 | D        | Noticed an orc warrior
   454 | D        | Noticed a vampire mosquito
   463 | D        | Killed a sky beast
   463 | D        | Reached skill level 5 in Maces & Flails
   467 | D        | Killed a vampire mosquito
   467 | D        | Reached skill level 9 in Shields
   467 | D        | Reached XP level 7. HP: 48/50 MP: 5/7
   474 | D        | Killed a centaur warrior
   474 | D        | Reached skill level 10 in Fighting
   474 | D        | Reached skill level 11 in Shields
   474 | D        | Reached XP level 8. HP: 46/57 MP: 5/8
   478 | D        | Killed a wasp
   478 | D        | Reached skill level 10 in Armour
   481 | D        | Killed an orc warrior
   483 | D        | Killed a vampire mosquito
   590 | D        | Got the amulet "Tonloos" {Spirit rPois rN+}
   603 | D        | Noticed a basilisk
   603 | D        | Noticed an iguana
   603 | D        | Noticed a yak
   603 | D        | Noticed a water moccasin
   603 | D        | Noticed an iguana
   603 | D        | Noticed a crocodile
   606 | D        | Noticed a black mamba
   611 | D        | Killed a basilisk
   613 | D        | Killed an iguana
   615 | D        | Noticed an iguana
   620 | D        | Killed a yak
   620 | D        | Reached XP level 9. HP: 49/63 MP: 2/9
   626 | D        | Killed a water moccasin
   629 | D        | Killed an iguana
   631 | D        | Killed a crocodile
   631 | D        | Reached skill level 12 in Shields
   643 | D        | Killed a black mamba
   643 | D        | Reached skill level 10 in Maces & Flails
   643 | D        | Reached skill level 1 in Invocations
   646 | D        | Killed an iguana
   806 | D        | Noticed a black mamba
   816 | D        | Killed a black mamba
   822 | D        | Noticed a crocodile
   822 | D        | Noticed a black mamba
   822 | D        | Noticed a crocodile
   822 | D        | Noticed a crocodile
   822 | D        | Noticed a spiny frog
   825 | D        | Noticed a crocodile
   825 | D        | Killed a crocodile
   835 | D        | Killed a black mamba
   841 | D        | Killed a crocodile
   843 | D        | Noticed a blink frog
   847 | D        | Killed a crocodile
   851 | D        | Killed a spiny frog
   851 | D        | Reached XP level 10. HP: 52/71 MP: 7/11
   858 | D        | Killed a crocodile
   864 | D        | Killed a blink frog
   864 | D        | Reached skill level 5 in Dodging
   864 | D        | Reached skill level 13 in Shields
   880 | D        | Noticed a brain worm
   880 | D        | Noticed a brain worm
   880 | D        | Noticed a brain worm
   883 | D        | Killed a brain worm
   889 | D        | Noticed a brain worm
   894 | D        | Killed a brain worm
   896 | D        | Killed a brain worm
   899 | D        | Killed a brain worm
   899 | D        | Acquired Okawaru's second power
  1037 | D        | Noticed an orc priest
  1037 | D        | Noticed an orc knight
  1037 | D        | Noticed an orc wizard
  1037 | D        | Noticed an orc warrior
  1041 | D        | Noticed an orc priest
  1050 | D        | Killed an orc knight
  1051 | D        | Killed an orc warrior
  1055 | D        | Killed an orc priest
  1056 | D        | Noticed an orc wizard
  1056 | D        | Killed an orc wizard
  1058 | D        | Noticed an orc priest
  1060 | D        | Noticed an orc priest
  1062 | D        | Killed an orc priest
  1063 | D        | Noticed an orc priest
  1066 | D        | Killed an orc wizard
  1066 | D        | Reached skill level 1 in Stealth
  1073 | D        | Killed an orc priest
  1074 | D        | Killed an orc priest
  1075 | D        | Killed an orc priest
  1277 | D        | Noticed an orc knight
  1277 | D        | Noticed an orc warrior
  1277 | D        | Noticed an orc warrior
  1277 | D        | Noticed an orc knight
  1277 | D        | Noticed an orc warrior
  1277 | D        | Noticed an orc warrior
  1281 | D        | Noticed an orc sorcerer
  1291 | D        | Killed an orc knight
  1292 | D        | Noticed an orc warrior
  1300 | D        | Killed an orc knight
  1300 | D        | Received a gift from Okawaru
  1301 | D        | Noticed an orc warrior
  1306 | D        | Killed an orc warrior
  1310 | D        | Killed an orc warrior
  1318 | D        | Noticed an orc warrior
  1318 | D        | Killed an orc warrior
  1320 | D        | Killed an orc warrior
  1322 | D        | Noticed an orc warrior
  1325 | D        | Noticed an orc warrior
  1329 | D        | Killed an orc sorcerer
  1333 | D        | Killed an orc warrior
  1338 | D        | Killed an orc warrior
  1338 | D        | Reached XP level 11. HP: 44/79 MP: 8/13
  1345 | D        | Killed an orc warrior
  1353 | D        | Killed an orc warrior
  1363 | D        | Killed an orc warrior
  1558 | D        | Found Goaj's Distillery.
  1558 | D        | Noticed an ogre
  1558 | D        | Noticed an ogre mage
  1558 | D        | Noticed an ogre mage
  1558 | D        | Noticed an ogre
  1558 | D        | Noticed an ogre
  1559 | D        | Noticed an ogre
  1564 | D        | Noticed an ogre mage
  1568 | D        | Paralysed by an ogre mage for 5 turns
  1577 | D        | Killed an ogre mage
  1577 | D        | Reached skill level 14 in Fighting
  1584 | D        | Killed an ogre mage
  1589 | D        | Killed an ogre
  1591 | D        | Killed an ogre
  1593 | D        | Killed an ogre
  1598 | D        | Killed an ogre mage
  1599 | D        | Killed an ogre
  1609 | D        | Found Seogyde's Armour Shoppe.
  1613 | D        | Found Kaiblod's Food Emporium.
  1615 | D        | Noticed an ogre mage
  1616 | D        | Found Tuuh's Assorted Antiques.
  1616 | D        | Noticed a two-headed ogre
  1617 | D        | Noticed an ogre mage
  1618 | D        | Noticed an ogre mage
  1620 | D        | Noticed a two-headed ogre
  1623 | D        | Noticed an ogre
  1624 | D        | Killed an ogre mage
  1624 | D        | Reached skill level 15 in Maces & Flails
  1626 | D        | Killed a two-headed ogre
  1646 | D        | Paralysed by an ogre mage for 5 turns
  1654 | D        | Killed an ogre mage
  1658 | D        | Killed a two-headed ogre
  1660 | D        | Killed an ogre
  1821 | D        | Got the +7 glaive of Echaff {chop, rElec}
  1834 | D        | Got the +1 pair of gloves "Senguudgh" {Str+6}
  1876 | D        | Noticed an unseen horror
  1876 | D        | Noticed a hill giant
  1876 | D        | Noticed an efreet
  1876 | D        | Noticed an unseen horror
  1876 | D        | Noticed a hill giant
  1876 | D        | Noticed a hill giant
  1879 | D        | Killed an unseen horror
  1879 | D        | Reached skill level 15 in Fighting
  1882 | D        | Noticed a slime creature
  1882 | D        | Killed a hill giant
  1882 | D        | Received a gift from Okawaru
  1883 | D        | Noticed a kobold demonologist
  1885 | D        | Killed an efreet
  1886 | D        | Noticed a boggart
  1886 | D        | Killed an unseen horror
  1888 | D        | Noticed an ice dragon
  1891 | D        | Killed a hill giant
  1891 | D        | Reached skill level 16 in Maces & Flails
  1892 | D        | Noticed a boggart
  1895 | D        | Killed a hill giant
  1895 | D        | Reached XP level 12. HP: 28/88 MP: 4/15
  1901 | D        | Noticed a giant orange brain
  1904 | D        | Killed a slime creature
  1904 | D        | Reached skill level 5 in Invocations
  1906 | D        | Killed a kobold demonologist
  1919 | D        | Killed an ice dragon
  1924 | D        | Killed a boggart
  1929 | D        | Killed a giant orange brain
  1931 | D        | Noticed a tengu warrior
  1933 | D        | Noticed a tengu warrior
  1934 | D        | Noticed a cyclops
  1934 | D        | a cyclops changed into a hornet
  1941 | D        | Killed a tengu warrior
  1942 | D        | Killed a boggart
  1953 | D        | Killed a tengu warrior
  1953 | D        | Reached skill level 17 in Maces & Flails
  1969 | D        | Gained mutation: Your flesh is heat resistant. [mutagenic meat]
  2224 | D        | Noticed a snapping turtle
  2224 | D        | Noticed a sea snake
  2224 | D        | Noticed a merfolk
  2224 | D        | Noticed a griffon
  2224 | D        | Noticed a snapping turtle
  2224 | D        | Noticed a sea snake
  2227 | D        | Noticed a wind drake
  2232 | D        | Killed a snapping turtle
  2236 | D        | Killed a sea snake
  2237 | D        | Noticed a merfolk avatar
  2243 | D        | Noticed a merfolk
  2244 | D        | Killed a merfolk
  2248 | D        | Killed a griffon
  2248 | D        | Reached skill level 15 in Shields
  2254 | D        | Killed a snapping turtle
  2259 | D        | Killed a sea snake
  2261 | D        | Killed a wind drake
  2270 | D        | Killed a merfolk avatar
  2270 | D        | Received a gift from Okawaru
  2275 | D        | Killed a merfolk
  2327 | D        | Noticed a demonic crawler
  2327 | D        | Noticed an emperor scorpion
  2327 | D        | Noticed a hornet
  2327 | D        | Noticed a redback
  2327 | D        | Noticed a tarantella
  2332 | D        | Noticed a demonic crawler
  2339 | D        | Killed a demonic crawler
  2340 | D        | Noticed a trapdoor spider
  2347 | D        | Killed an emperor scorpion
  2347 | D        | Reached skill level 18 in Maces & Flails
  2350 | D        | Killed a hornet
  2353 | D        | Killed a redback
  2354 | D        | Noticed an emperor scorpion
  2362 | D        | Killed a tarantella
  2368 | D        | Killed a demonic crawler
  2384 | D        | Killed an emperor scorpion
  2384 | D        | Reached XP level 13. HP: 82/96 MP: 10/18
  2391 | D        | Killed a trapdoor spider
  2408 | D        | Noticed a trapdoor spider
  2412 | D        | Killed a trapdoor spider
  2415 | D        | Noticed a shock serpent
  2415 | D        | Noticed a black mamba
  2415 | D        | Noticed an anaconda
  2415 | D        | Noticed a naga warrior
  2415 | D        | Noticed a shock serpent
  2415 | D        | Noticed a black mamba
  2417 | D        | Killed a shock serpent
  2418 | D        | Noticed a naga warrior
  2424 | D        | Killed an anaconda
  2427 | D        | Killed a black mamba
  2428 | D        | Noticed a naga sharpshooter
  2429 | D        | Noticed a black mamba
  2443 | D        | Killed a naga warrior
  2449 | D        | Killed a shock serpent
  2454 | D        | Killed a black mamba
  2454 | D        | Reached skill level 19 in Maces & Flails
  2459 | D        | Killed a naga warrior
  2461 | D        | Killed a naga sharpshooter
  2465 | D        | Killed a black mamba
  2488 | D        | Noticed a swamp drake
  2488 | D        | Noticed an alligator
  2488 | D        | Noticed a bog body
  2488 | D        | Noticed a swamp drake
  2488 | D        | Noticed a swamp dragon
  2490 | D        | Noticed a thorn hunter
  2491 | D        | Noticed a vampire mosquito
  2494 | D        | Killed a swamp drake
  2495 | D        | Killed an alligator
  2496 | D        | Noticed a bog body
  2499 | D        | Killed a bog body
  2506 | D        | Killed a thorn hunter
  2508 | D        | Killed a swamp drake
  2512 | D        | Killed a swamp dragon
  2515 | D        | Killed a vampire mosquito
  2516 | D        | Killed a bog body
  2624 | D        | Noticed a vampire mage
  2624 | D        | Noticed an orb spider
  2624 | D        | Noticed a slime creature
  2624 | D        | Noticed a fire giant
  2624 | D        | Noticed a deep troll earth mage
  2624 | D        | Noticed a giant orange brain
  2626 | D        | an orb spider changed into a harpy
  2629 | D        | Killed a vampire mage
  2634 | D        | Noticed a frost giant
  2638 | D        | Killed a slime creature
  2643 | D        | Killed a fire giant
  2643 | D        | Reached skill level 20 in Maces & Flails
  2644 | D        | Noticed a vampire mage
  2647 | D        | Noticed a giant orange brain
  2648 | D        | Killed a deep troll earth mage
  2654 | D        | Killed a frost giant
  2654 | D        | Received a gift from Okawaru
  2667 | D        | Killed a giant orange brain
  2682 | D        | Killed a vampire mage
  2683 | D        | Noticed a great orb of eyes
  2685 | D        | Killed a giant orange brain
  2686 | D        | Noticed a tentacled monstrosity
  2687 | D        | Noticed an entropy weaver
  2691 | D        | Killed a great orb of eyes
  2692 | D        | Noticed a stone giant
  2694 | D        | Noticed an ogre mage
  2698 | D        | Noticed a wizard
  2699 | D        | Killed a tentacled monstrosity
  2699 | D        | Reached skill level 10 in Invocations
  2699 | D        | Gained mutation: Your large and strong wings let you fly indefinitely. [Gargoyle growth]
  2699 | D        | Reached XP level 14. HP: 47/106 MP: 5/21
  2701 | D        | Noticed an entropy weaver
  2704 | D        | Killed an entropy weaver
  2708 | D        | Noticed a red ugly thing
  2709 | D        | Killed a stone giant
  2709 | D        | Received a gift from Okawaru
  2709 | D        | Reached skill level 21 in Maces & Flails
  2711 | D        | Noticed a boggart
  2713 | D        | Killed an ogre mage
  2717 | D        | Killed a wizard
  2723 | D        | Killed an entropy weaver
  2725 | D        | Killed a boggart
  2730 | D        | Killed a red ugly thing
  2766 | D        | Gained mutation: You occasionally shout uncontrollably at your foes. [mutagenic meat]
  2767 | D        | Gained mutation: You have sharp toenails. [mutagenic meat]
  2959 | D        | Noticed a necromancer
  2959 | D        | Noticed an ironbrand convoker
  2959 | D        | Noticed a wolf spider
  2959 | D        | Noticed a centaur warrior
  2959 | D        | Noticed a human
  2959 | D        | Noticed an unseen horror
  2964 | D        | Killed a necromancer
  2965 | D        | Noticed an orc knight
  2969 | D        | Killed an ironbrand convoker
  2970 | D        | Noticed a cyclops
  2971 | D        | Killed a wolf spider
  2972 | D        | Noticed a yak
  2973 | D        | a human changed into a troll
  2976 | D        | Noticed an ogre mage
  2976 | D        | Killed a centaur warrior
  2976 | D        | Received a gift from Okawaru
  2976 | D        | a yak changed into a golden eye
  2979 | D        | Noticed an ironheart preserver
  2980 | D        | Killed an unseen horror
  2981 | D        | Noticed a fire giant
  2984 | D        | Killed an orc knight
  2985 | D        | Noticed an orc knight
  2999 | D        | Killed a cyclops
  3003 | D        | Noticed a freezing wraith
  3011 | D        | Noticed a deep elf fighter
  3017 | D        | Killed an ogre mage
  3026 | D        | Killed an ironheart preserver
  3026 | D        | Reached skill level 22 in Maces & Flails
  3034 | D        | Killed a fire giant
  3035 | D        | Noticed a yaktaur captain
  3042 | D        | Killed an orc knight
  3043 | D        | Killed a freezing wraith
  3046 | D        | Killed a deep elf fighter
  3050 | D        | Killed a yaktaur captain
  3051 | D        | Noticed a yaktaur
  3052 | D        | Noticed a fire dragon
  3053 | D        | Noticed an ironheart preserver
  3054 | D        | Noticed an orc knight
  3055 | D        | Noticed a griffon
  3058 | D        | Killed a yaktaur
  3062 | D        | Killed a fire dragon
  3068 | D        | Killed an ironheart preserver
  3072 | D        | Killed an orc knight
  3076 | D        | Killed a griffon
  3355 | D        | Noticed Louise
  3376 | D        | Killed Louise
  3396 | D        | Noticed Xtahua
  3405 | D        | Killed Xtahua
  3405 | D        | Received a gift from Okawaru
  3405 | D        | Reached skill level 23 in Maces & Flails
  3408 | D        | Got a pair of steaming boots {god gift}
  3419 | D        | Identified the +0 pair of boots of Shadows and Fog {Dex+2} (Okawaru gifted it to you in the Dungeon)
  3471 | D        | Got the +3 longbow of Spite {velocity, Contam rPois MP+9 Str+4}
  3482 | D        | Got the +0 large shield "Orchoh" {-Cast rPois rCorr Stlth+}
  3484 | D        | Got the +1 robe of the Good {rElec Dex+3}
  3541 | D        | Paralysed by an ogre mage for 4 turns
  3548 | D        | Killed an ogre mage
  3614 | D        | Noticed Frederick
  3626 | D        | Killed Frederick
  3626 | D        | Reached XP level 15. HP: 87/115 MP: 13/24
  3663 | D        | Noticed a greater naga
  3663 | D        | Noticed a greater naga
  3663 | D        | Noticed a naga mage
  3663 | D        | Noticed a naga mage
  3663 | D        | Noticed a naga mage
  3663 | D        | Noticed a naga warrior
  3664 | D        | Noticed a greater naga
  3667 | D        | Killed a greater naga
  3673 | D        | Killed a greater naga
  3674 | D        | Noticed a greater naga
  3676 | D        | Killed a naga mage
  3676 | D        | Reached skill level 15 in Armour
  3677 | D        | Noticed a naga warrior
  3679 | D        | Noticed a guardian serpent
  3679 | D        | Killed a naga mage
  3681 | D        | Noticed a greater naga
  3688 | D        | Killed a greater naga
  3689 | D        | Noticed a naga mage
  3693 | D        | Killed a greater naga
  3694 | D        | Noticed a naga mage
  3695 | D        | Killed a naga mage
  3703 | D        | Killed a naga warrior
  3708 | D        | Killed a naga warrior
  3708 | D        | Reached skill level 24 in Maces & Flails
  3714 | D        | Killed a greater naga
  3717 | D        | Killed a naga mage
  3719 | D        | Killed a guardian serpent
  3723 | D        | Killed a naga mage
  3728 | D        | Got a serpentine rune of Zot
  3756 | D        | Noticed a seven-headed hydra
  3756 | D        | Noticed a swamp dragon
  3756 | D        | Noticed a swamp dragon
  3756 | D        | Noticed a swamp drake
  3756 | D        | Noticed a seven-headed hydra
  3756 | D        | Noticed a swamp dragon
  3761 | D        | Killed a seven-headed hydra
  3766 | D        | Killed a swamp dragon
  3766 | D        | Received a gift from Okawaru
  3767 | D        | Noticed a bog body
  3768 | D        | Noticed a swamp dragon
  3771 | D        | Killed a swamp dragon
  3773 | D        | Killed a seven-headed hydra
  3774 | D        | Noticed a swamp dragon
  3775 | D        | Killed a swamp drake
  3776 | D        | Noticed a four-headed hydra
  3779 | D        | Noticed a swamp drake
  3779 | D        | Killed a swamp dragon
  3780 | D        | Noticed a swamp dragon
  3781 | D        | Killed a bog body
  3785 | D        | Killed a swamp dragon
  3788 | D        | Killed a swamp dragon
  3796 | D        | Killed a four-headed hydra
  3799 | D        | Killed a swamp drake
  3801 | D        | Noticed an eight-headed hydra
  3805 | D        | Killed a swamp dragon
  3812 | D        | Killed an eight-headed hydra
  3816 | D        | Got a decaying rune of Zot
  3833 | D        | Got a slimy cloak {god gift}
  3839 | D        | Identified the +1 cloak of Polu {rPois rN+} (Okawaru gifted it to you in the Dungeon)
  3853 | D        | Noticed a merfolk impaler
  3853 | D        | Noticed a merfolk aquamancer
  3853 | D        | Noticed a merfolk impaler
  3853 | D        | Noticed a merfolk aquamancer
  3853 | D        | Noticed a merfolk aquamancer
  3853 | D        | Noticed a merfolk aquamancer
  3854 | D        | Noticed Ilsuiw
  3857 | D        | Killed a merfolk aquamancer
  3864 | D        | Killed a merfolk aquamancer
  3865 | D        | Noticed a merfolk aquamancer
  3871 | D        | Killed a merfolk impaler
  3872 | D        | Noticed a merfolk javelineer
  3879 | D        | Noticed a merfolk javelineer
  3880 | D        | Killed Ilsuiw
  3881 | D        | Noticed a merfolk avatar
  3884 | D        | Killed a merfolk aquamancer
  3885 | D        | Noticed a merfolk
  3890 | D        | Killed a merfolk aquamancer
  3892 | D        | Noticed a merfolk
  3895 | D        | Killed a merfolk impaler
  3901 | D        | Killed a merfolk javelineer
  3905 | D        | Killed a merfolk aquamancer
  3905 | D        | Reached skill level 25 in Maces & Flails
  3910 | D        | Killed a merfolk javelineer
  3915 | D        | Killed a merfolk avatar
  3919 | D        | Killed a merfolk
  3925 | D        | Killed a merfolk
  3937 | D        | Got a barnacled rune of Zot
  3970 | D        | Noticed a ghost moth
  3970 | D        | Noticed an emperor scorpion
  3970 | D        | Noticed an emperor scorpion
  3970 | D        | Noticed an emperor scorpion
  3970 | D        | Noticed a redback
  3970 | D        | Noticed an emperor scorpion
  3974 | D        | Killed a ghost moth
  3986 | D        | Killed an emperor scorpion
  3987 | D        | Noticed a ghost moth
  3999 | D        | Killed an emperor scorpion
  3999 | D        | Reached XP level 16. HP: 120/124 MP: 0/26
  4006 | D        | Killed an emperor scorpion
  4008 | D        | Killed a redback
  4023 | D        | Killed an emperor scorpion
  4024 | D        | Noticed an emperor scorpion
  4028 | D        | Killed a ghost moth
  4028 | D        | Received a gift from Okawaru
  4029 | D        | Noticed a demonic crawler
  4030 | D        | Noticed a wolf spider
  4030 | D        | Noticed a demonic crawler
  4035 | D        | Killed an emperor scorpion
  4037 | D        | Noticed an emperor scorpion
  4039 | D        | Killed a demonic crawler
  4043 | D        | Noticed an emperor scorpion
  4043 | D        | Killed a wolf spider
  4047 | D        | Killed a demonic crawler
  4061 | D        | Killed an emperor scorpion
  4071 | D        | Killed an emperor scorpion
  4075 | D        | Got a gossamer rune of Zot
  4111 | D        | Gained mutation: You have a pair of small horns on your head. [mutagenic meat]
  4112 | D        | Gained mutation: You are robust (+10% HP). [mutagenic meat]
  4113 | D        | Gained mutation: You possess an exceptional clarity of mind. [mutagenic meat]
  4115 | D        | Gained mutation: Your body sometimes deteriorates upon taking damage. [mutagenic meat]
  4116 | D        | Gained mutation: Armour fits poorly on your strangely shaped body. [mutagenic meat]
  4117 | D        | Lost mutation: You occasionally shout uncontrollably at your foes. [mutagenic meat]
  4180 | D        | Noticed Norris
  4182 | D        | Noticed Jory
  4182 | D        | Paralysed by Norris for 5 turns
  4196 | D        | Killed Jory
  4196 | D        | Reached skill level 26 in Maces & Flails
  4203 | D        | Killed Norris
  4203 | D        | Received a gift from Okawaru
  4203 | D        | Reached skill level 15 in Invocations
  4253 | D        | Noticed a vault guard
  4253 | D        | Noticed a vault guard
  4253 | D        | Noticed a vault guard
  4253 | D        | Noticed a vault guard
  4253 | D        | Noticed a vault guard
  4253 | D        | Noticed a vault guard
  4256 | D        | Noticed a vault guard
  4260 | D        | Killed a vault guard
  4261 | D        | Noticed a vault guard
  4266 | D        | Killed a vault guard
  4267 | D        | Noticed a vault guard
  4270 | D        | Killed a vault guard
  4275 | D        | Killed a vault guard
  4276 | D        | Noticed a vault guard
  4283 | D        | Killed a vault guard
  4284 | D        | Noticed a vault guard
  4289 | D        | Noticed a vault guard
  4289 | D        | Killed a vault guard
  4291 | D        | Noticed a vault guard
  4294 | D        | Killed a vault guard
  4297 | D        | Killed a vault guard
  4298 | D        | Noticed a vault guard
  4301 | D        | Noticed a vault guard
  4306 | D        | Killed a vault guard
  4315 | D        | Killed a vault guard
  4316 | D        | Noticed a vault guard
  4320 | D        | Noticed a vault guard
  4322 | D        | Killed a vault guard
  4324 | D        | Noticed a vault guard
  4329 | D        | Killed a vault guard
  4338 | D        | Killed a vault guard
  4344 | D        | Noticed a vault guard
  4344 | D        | Killed a vault guard
  4347 | D        | Killed a vault guard
  4348 | D        | Noticed a vault guard
  4349 | D        | Noticed a vault guard
  4354 | D        | Killed a vault guard
  4357 | D        | Noticed a vault guard
  4359 | D        | Killed a vault guard
  4370 | D        | Killed a vault guard
  4374 | D        | Killed a vault guard
  4374 | D        | Reached skill level 27 in Maces & Flails
  4380 | D        | Killed a vault guard
  4385 | D        | Killed a vault guard
  4386 | D        | Noticed a vault guard
  4388 | D        | Noticed a vault guard
  4389 | D        | Killed a vault guard
  4391 | D        | Noticed a vault guard
  4395 | D        | Killed a vault guard
  4401 | D        | Killed a vault guard
  4409 | D        | Killed a vault guard
  4475 | D        | Noticed a vault warden
  4475 | D        | Noticed an ironheart preserver
  4475 | D        | Noticed an ettin
  4475 | D        | Noticed an ironheart preserver
  4475 | D        | Noticed a vault sentinel
  4475 | D        | Noticed a vault sentinel
  4476 | D        | Noticed a stone giant
  4482 | D        | Killed a vault warden
  4488 | D        | Killed an ironheart preserver
  4489 | D        | Noticed a freezing wraith
  4491 | D        | Killed an ettin
  4491 | D        | Reached XP level 17. HP: 137/147 MP: 22/29
  4492 | D        | Noticed an ogre mage
  4493 | D        | Noticed a stone giant
  4496 | D        | Killed an ironheart preserver
  4496 | D        | Received a gift from Okawaru
  4499 | D        | Noticed a shadow dragon
  4500 | D        | Killed a stone giant
  4505 | D        | Killed a vault sentinel
  4510 | D        | Killed a stone giant
  4511 | D        | Noticed a shadow dragon
  4520 | D        | Killed a shadow dragon
  4521 | D        | Noticed a boulder beetle
  4523 | D        | Noticed an orc knight
  4526 | D        | Noticed a yaktaur captain
  4527 | D        | Killed a vault sentinel
  4530 | D        | Killed a freezing wraith
  4532 | D        | Noticed a freezing wraith
  4539 | D        | Killed a shadow dragon
  4540 | D        | Noticed a redback
  4542 | D        | Killed an ogre mage
  4548 | D        | Killed a boulder beetle
  4552 | D        | Killed an orc knight
  4559 | D        | Killed a yaktaur captain
  4567 | D        | Killed a freezing wraith
  4569 | D        | Killed a redback
  4580 | D        | Got a translucent hunting sling
  4581 | D        | Identified the +8 hunting sling of the Hidden Gods {flame, rPois rF+ Str+3 Stlth+} (You found it in the Dungeon)
  4687 | D        | Noticed a yaktaur
  4687 | D        | Noticed a shadow dragon
  4687 | D        | Noticed a quicksilver dragon
  4687 | D        | Noticed a shadow dragon
  4687 | D        | Noticed a quicksilver dragon
  4687 | D        | Noticed a shadow dragon
  4690 | D        | Noticed a golden dragon
  4696 | D        | Killed a shadow dragon
  4697 | D        | Noticed a shadow dragon
  4702 | D        | Killed a shadow dragon
  4711 | D        | Killed a shadow dragon
  4712 | D        | Noticed a quicksilver dragon
  4714 | D        | Killed a yaktaur
  4723 | D        | Killed a golden dragon
  4730 | D        | Killed a shadow dragon
  4730 | D        | Received a gift from Okawaru
  4734 | D        | Killed a quicksilver dragon
  4741 | D        | Killed a quicksilver dragon
  4745 | D        | Killed a quicksilver dragon
  4745 | D        | Reached skill level 27 in Fighting
  4756 | D        | Got a silver rune of Zot
  4854 | D        | Noticed Nikola
  4858 | D        | Noticed Mara
  4863 | D        | Noticed Boris
  4863 | D        | Killed Nikola
  4863 | D        | Received a gift from Okawaru
  4866 | D        | Noticed ahoge's illusion
  4875 | D        | Killed Mara
  4875 | D        | Reached skill level 27 in Shields
  4889 | D        | Killed Boris
  4896 | D        | Noticed Mennas
  4930 | D        | Killed Mennas
  4983 | D        | Got the ring of Mutadein {+Blink rN+ MP-9 Int+4 SInv}
  4985 | D        | Got the ring of Olegenih {rPois MP+9 Str+3 Dex-3}
  4987 | D        | Got the ring "Luturueli" {rF++ rC- MR+ Int+3}
  4989 | D        | Got the amulet "Avvuboi" {rMut +Blink SInv}
  4991 | D        | Got the ring of Interdependent Arising {+Blink MR+}
  5096 | D        | Got the +3 large shield of the Last Eyes {Dex+9}
  5125 | D        | Got the +5 great mace "Leviticus" {crush, MR++ Dex+2 Stlth+}
  5250 | D        | Noticed a hell knight
  5253 | D        | Noticed a necromancer
  5254 | D        | Noticed Margery
  5255 | D        | Noticed a hell knight
  5256 | D        | Noticed a hell knight
  5257 | D        | Noticed a hell knight
  5261 | D        | Killed a hell knight
  5270 | D        | Killed Margery
  5270 | D        | Reached skill level 5 in Stealth
  5270 | D        | Reached XP level 18. HP: 148/159 MP: 25/34
  5272 | D        | Killed a necromancer
  5281 | D        | Killed a hell knight
  5287 | D        | Killed a hell knight
  5290 | D        | Killed a hell knight
  5315 | D        | Noticed an orc knight
  5316 | D        | Noticed a cyan ugly thing
  5318 | D        | Noticed a vampire mosquito
  5321 | D        | Killed an orc knight
  5326 | D        | Noticed a cyclops
  5330 | D        | Killed a cyan ugly thing
  5331 | D        | Killed a vampire mosquito
  5338 | D        | Killed a cyclops
  5338 | D        | Reached skill level 10 in Dodging
  5355 | D        | Noticed a green draconian
  5355 | D        | Noticed a storm dragon
  5355 | D        | Noticed a bone dragon
  5355 | D        | Noticed a fire dragon
  5355 | D        | Noticed an ice dragon
  5355 | D        | Noticed a mottled draconian
  5359 | D        | Killed a green draconian
  5371 | D        | Noticed a black draconian
  5375 | D        | Killed a bone dragon
  5375 | D        | Received a gift from Okawaru
  5376 | D        | Noticed a green draconian
  5377 | D        | Noticed a red draconian
  5379 | D        | Killed a storm dragon
  5381 | D        | Noticed a black draconian
  5385 | D        | Killed a fire dragon
  5386 | D        | Noticed a black draconian
  5390 | D        | Killed an ice dragon
  5393 | D        | Killed a mottled draconian
  5394 | D        | Noticed a black draconian
  5402 | D        | Killed a black draconian
  5406 | D        | Killed a green draconian
  5411 | D        | Killed a red draconian
  5421 | D        | Killed a black draconian
  5428 | D        | Killed a black draconian
  5438 | D        | Killed a black draconian
  5473 | D        | Noticed an electric golem
  5473 | D        | Noticed a black draconian zealot
  5473 | D        | Noticed a red draconian knight
  5473 | D        | Noticed a yellow draconian monk
  5473 | D        | Noticed a death cob
  5473 | D        | Noticed a moth of wrath
  5483 | D        | Killed an electric golem
  5484 | D        | Noticed a mottled draconian
  5496 | D        | Killed a black draconian zealot
  5505 | D        | Killed a red draconian knight
  5513 | D        | Killed a yellow draconian monk
  5513 | D        | Reached skill level 27 in Invocations
  5515 | D        | Killed a death cob
  5517 | D        | Killed a moth of wrath
  5522 | D        | Killed a mottled draconian
  5531 | D        | Noticed a death cob
  5531 | D        | Noticed an orb of fire
  5531 | D        | Noticed a storm dragon
  5531 | D        | Noticed a golden dragon
  5531 | D        | Noticed a tentacled monstrosity
  5531 | D        | Noticed a storm dragon
  5532 | D        | Noticed a tentacled monstrosity
  5536 | D        | Killed a death cob
  5536 | D        | Reached skill level 10 in Stealth
  5537 | D        | Noticed a white draconian zealot
  5547 | D        | Lost mutation: You are robust (+10% HP). [an orb of fire]
  5557 | D        | Killed an orb of fire
  5565 | D        | Killed a golden dragon
  5565 | D        | Reached skill level 15 in Dodging
  5572 | D        | Killed a tentacled monstrosity
  5584 | D        | Killed a tentacled monstrosity
  5590 | D        | Killed a storm dragon
  5602 | D        | Killed a storm dragon
  5602 | D        | Received a gift from Okawaru
  5605 | D        | Killed a white draconian zealot
  5875 | D        | Noticed a death cob
  5875 | D        | Noticed a yellow draconian
  5875 | D        | Noticed a storm dragon
  5875 | D        | Noticed a yellow draconian shifter
  5875 | D        | Noticed a moth of wrath
  5875 | D        | Noticed a black draconian
  5879 | D        | Killed a death cob
  5880 | D        | Noticed a tentacled monstrosity
  5884 | D        | Killed a yellow draconian
  5890 | D        | Noticed a red draconian
  5898 | D        | Noticed a moth of wrath
  5901 | D        | Killed a storm dragon
  5908 | D        | Killed a tentacled monstrosity
  5915 | D        | Killed a moth of wrath
  5923 | D        | Killed a black draconian
  5930 | D        | Killed a red draconian
  5933 | D        | Killed a moth of wrath
  5940 | D        | Killed a yellow draconian shifter
  5940 | D        | Reached XP level 19. HP: 141/151 MP: 30/36
  5960 | D        | Noticed a yellow draconian
  5960 | D        | Noticed a black draconian zealot
  5960 | D        | Noticed a mottled draconian knight
  5960 | D        | Noticed a purple draconian knight
  5960 | D        | Noticed a death cob
  5960 | D        | Noticed a ghost moth
  5961 | D        | Noticed a golden dragon
  5964 | D        | Killed a yellow draconian
  5965 | D        | Noticed a mottled draconian
  5972 | D        | Killed a black draconian zealot
  5973 | D        | Noticed a storm dragon
  5980 | D        | Killed a mottled draconian knight
  5988 | D        | Killed a purple draconian knight
  5996 | D        | Killed a death cob
  5999 | D        | Killed a ghost moth
  6008 | D        | Killed a golden dragon
  6008 | D        | Received a gift from Okawaru
  6012 | D        | Killed a mottled draconian
  6023 | D        | Killed a storm dragon
  6162 | D        | Noticed an Orb Guardian
  6162 | D        | Noticed an Orb Guardian
  6162 | D        | Noticed an Orb Guardian
  6162 | D        | Noticed an Orb Guardian
  6162 | D        | Noticed an Orb Guardian
  6162 | D        | Noticed an Orb Guardian
  6167 | D        | Noticed an Orb Guardian
  6174 | D        | Killed an Orb Guardian
  6175 | D        | Noticed an Orb Guardian
  6179 | D        | Killed an Orb Guardian
  6180 | D        | Noticed an Orb Guardian
  6186 | D        | Killed an Orb Guardian
  6187 | D        | Noticed an Orb Guardian
  6189 | D        | Killed an Orb Guardian
  6189 | D        | Reached skill level 15 in Stealth
  6193 | D        | Killed an Orb Guardian
  6197 | D        | Killed an Orb Guardian
  6201 | D        | Killed an Orb Guardian
  6208 | D        | Killed an Orb Guardian
  6211 | D        | Killed an Orb Guardian
  6215 | D        | Killed an Orb Guardian
  6222 | D        | Noticed a death cob
  6222 | D        | Noticed a black draconian
  6222 | D        | Noticed an Orb Guardian
  6222 | D        | Noticed an Orb Guardian
  6222 | D        | Noticed a yellow draconian
  6222 | D        | Noticed a moth of wrath
  6223 | D        | Noticed an Orb Guardian
  6224 | D        | Killed a death cob
  6225 | D        | Noticed an Orb Guardian
  6226 | D        | Killed a black draconian
  6236 | D        | Killed an Orb Guardian
  6239 | D        | Killed an Orb Guardian
  6252 | D        | Killed a yellow draconian
  6262 | D        | Killed an Orb Guardian
  6272 | D        | Killed an Orb Guardian
  6275 | D        | Killed a moth of wrath
  6290 | D        | Noticed an ancient lich
  6306 | D        | Killed an ancient lich
  6306 | D        | Received a gift from Okawaru
  6311 | D        | Noticed an orb of fire
  6324 | D        | Killed an orb of fire
  6333 | D        | Got a slimy rapier {god gift}
  6334 | D        | Identified the +4 rapier of Waer Las {antimagic, Noisy MR+ Str+3} (Okawaru gifted it to you in the Dungeon)
  6519 | D        | Noticed an electric golem
  6536 | D        | Killed an electric golem
  6540 | D        | Noticed a white draconian annihilator
  6540 | D        | Noticed a shadow dragon
  6540 | D        | Noticed a storm dragon
  6540 | D        | Noticed an Orb Guardian
  6540 | D        | Noticed a moth of wrath
  6540 | D        | Noticed a death cob
  6543 | D        | Killed a white draconian annihilator
  6543 | D        | Reached XP level 20. HP: 157/157 MP: 33/37
  6544 | D        | Noticed an orb of fire
  6554 | D        | Noticed an orb of fire
  6557 | D        | Killed a shadow dragon
  6568 | D        | Killed a storm dragon
  6569 | D        | Noticed a Killer Klown
  6574 | D        | Gained mutation: Scrolls take you a little longer to read. [an orb of fire]
  6581 | D        | Killed an orb of fire
  6581 | D        | Reached skill level 27 in Dodging
  6583 | D        | Noticed a purple draconian
  6588 | D        | Gained mutation: You are dopey. (Int -2) [an orb of fire]
  6594 | D        | Killed an orb of fire
  6601 | D        | Noticed a moth of wrath
  6603 | D        | Killed an Orb Guardian
  6612 | D        | Noticed an electric golem
  6618 | D        | Killed a moth of wrath
  6623 | D        | Killed a death cob
  6627 | D        | Killed a purple draconian
  6628 | D        | Noticed an ancient lich
  6630 | D        | Killed a moth of wrath
  6631 | D        | Noticed a golden dragon
  6636 | D        | Killed an electric golem
  6649 | D        | Killed an ancient lich
  6653 | D        | Killed a golden dragon
  6659 | D        | Killed a Killer Klown
  6908 | D        | Noticed an Orb Guardian
  6908 | D        | Noticed an Orb Guardian
  6908 | D        | Noticed an Orb Guardian
  6908 | D        | Noticed an Orb Guardian
  6908 | D        | Noticed an Orb Guardian
  6908 | D        | Noticed an Orb Guardian
  6909 | D        | Noticed a moth of wrath
  6911 | D        | Killed an Orb Guardian
  6912 | D        | Noticed an Orb Guardian
  6918 | D        | Killed an Orb Guardian
  6924 | D        | Killed an Orb Guardian
  6927 | D        | Killed an Orb Guardian
  6932 | D        | Killed an Orb Guardian
  6932 | D        | Received a gift from Okawaru
  6933 | D        | Noticed an Orb Guardian
  6944 | D        | Killed an Orb Guardian
  6945 | D        | Noticed an Orb Guardian
  6951 | D        | Killed an Orb Guardian
  6958 | D        | Killed an Orb Guardian
  6959 | D        | Noticed an Orb Guardian
  6962 | D        | Killed an Orb Guardian
  6964 | D        | Killed a moth of wrath
  6965 | D        | Noticed an Orb Guardian
  6966 | D        | Noticed a moth of wrath
  6970 | D        | Killed an Orb Guardian
  6971 | D        | Noticed an Orb Guardian
  6986 | D        | Killed an Orb Guardian
  6990 | D        | Killed an Orb Guardian
  6993 | D        | Killed a moth of wrath
  6997 | D        | Got the Orb of Zot
  7128 | D        | Noticed a vampire knight
  7128 | D        | Noticed a lich
  7128 | D        | Noticed a vampire knight
  7128 | D        | Noticed a vampire knight
  7128 | D        | Noticed a vampire knight
  7128 | D        | Noticed a vampire knight
  7128 | D        | Noticed a lich
  7133 | D        | Killed a lich
  7137 | D        | Killed a vampire knight
  7138 | D        | Noticed an ancient lich
  7141 | D        | Killed a vampire knight
  7146 | D        | Killed a vampire knight
  7147 | D        | Noticed a vampire knight
  7148 | D        | Noticed a vampire knight
  7150 | D        | Killed a vampire knight
  7150 | D        | Reached skill level 27 in Stealth
  7155 | D        | Paralysed by a vampire knight for 3 turns
  7156 | D        | Noticed a lich
  7159 | D        | Killed a vampire knight
  7170 | D        | Killed an ancient lich
  7170 | D        | Reached skill level 27 in Armour
  7170 | D        | Reached XP level 21. HP: 113/163 MP: 23/38
  7174 | D        | Killed a lich
  7180 | D        | Killed a lich
  7184 | D        | Killed a vampire knight
  7190 | D        | Killed a vampire knight
  7190 | D        | Reached skill level 5 in Unarmed Combat
  7398 | D        | Killed Ereshkigal
  7420 | D        | Reached skill level 5 in Throwing
  7433 | D        | Noticed a spriggan baker
  7433 | D        | Noticed a spriggan baker
  7433 | D        | Noticed a spriggan baker
  7433 | D        | Noticed a spriggan baker
  7433 | D        | Noticed a spriggan baker
  7433 | D        | Noticed a spriggan baker
  7436 | D        | Killed a spriggan baker
  7437 | D        | Killed a spriggan baker
  7438 | D        | Noticed a spriggan baker
  7439 | D        | Killed a spriggan baker
  7440 | D        | Noticed a spriggan baker
  7441 | D        | Killed a spriggan baker
  7442 | D        | Noticed a spriggan baker
  7443 | D        | Noticed a spriggan baker
  7444 | D        | Killed a spriggan baker
  7449 | D        | Killed a spriggan baker
  7449 | D        | Reached skill level 5 in Evocations
  7450 | D        | Killed a spriggan baker
  7450 | D        | Reached skill level 5 in Spellcasting
  7451 | D        | Noticed a spriggan baker
  7453 | D        | Killed a spriggan baker
  7454 | D        | Killed a spriggan baker
  7458 | D        | Killed a spriggan baker
  7462 | D        | Killed a spriggan baker
  7494 | D        | Noticed a deep elf sorcerer
  7494 | D        | Noticed a deep elf sorcerer
  7494 | D        | Noticed a deep elf demonologist
  7494 | D        | Noticed a deep elf blademaster
  7494 | D        | Noticed a deep elf blademaster
  7494 | D        | Noticed a deep elf annihilator
  7495 | D        | Noticed a deep elf blademaster
  7500 | D        | Killed a deep elf sorcerer
  7504 | D        | Killed a deep elf sorcerer
  7505 | D        | Noticed a deep elf sorcerer
  7510 | D        | Noticed a deep elf death mage
  7512 | D        | Killed a deep elf blademaster
  7522 | D        | Killed a deep elf blademaster
  7522 | D        | Received a gift from Okawaru
  7531 | D        | Killed a deep elf blademaster
  7542 | D        | Noticed a deep elf master archer
  7544 | D        | Killed a deep elf demonologist
  7545 | D        | Noticed a deep elf blademaster
  7547 | D        | Killed a deep elf annihilator
  7548 | D        | Noticed a deep elf sorcerer
  7549 | D        | Noticed a deep elf death mage
  7550 | D        | Killed a deep elf death mage
  7552 | D        | Noticed a deep elf sorcerer
  7559 | D        | Killed a deep elf blademaster
  7559 | D        | Received a gift from Okawaru
  7563 | D        | Killed a deep elf master archer
  7567 | D        | Killed a deep elf death mage
  7572 | D        | Killed a deep elf sorcerer
  7575 | D        | Killed a deep elf sorcerer
  7575 | D        | Reached skill level 10 in Throwing
  7575 | D        | Reached skill level 10 in Unarmed Combat
  7578 | D        | Killed a deep elf sorcerer
  7582 | D        | Got an elven rune of Zot
  7623 | D        | Noticed a golden eye
  7623 | D        | Noticed an acid blob
  7623 | D        | Noticed an acid blob
  7623 | D        | Noticed an azure jelly
  7623 | D        | Noticed an acid blob
  7627 | D        | Noticed an acid blob
  7628 | D        | Killed a golden eye
  7629 | D        | Noticed a death ooze
  7630 | D        | Noticed a death ooze
  7633 | D        | Killed an acid blob
  7633 | D        | Received a gift from Okawaru
  7634 | D        | Noticed the royal jelly
  7639 | D        | Killed an acid blob
  7639 | D        | Reached skill level 10 in Spellcasting
  7639 | D        | Reached skill level 10 in Evocations
  7646 | D        | Killed an acid blob
  7647 | D        | Noticed a death ooze
  7650 | D        | Killed an acid blob
  7650 | D        | Received a gift from Okawaru
  7654 | D        | Killed an azure jelly
  7658 | D        | Killed a death ooze
  7659 | D        | Noticed an azure jelly
  7663 | D        | Killed a death ooze
  7673 | D        | Killed the royal jelly
  7674 | D        | Paralysed by a giant eyeball for 3 turns
  7676 | D        | HP: 7/163 [death ooze (18)]
  7676 | D        | HP: 2/163 [death ooze (5)]
  7676 | D        | Killed from afar by an acid blob

Action                   |  1- 3 |  4- 6 |  7- 9 | 10-12 | 13-15 | 16-18 | 19-21 || total
-------------------------+-------+-------+-------+-------+-------+-------+-------++-------
Melee: Flail             |    27 |       |       |       |       |       |       ||    27
       Morningstar       |    10 |    23 |    92 |   348 |   458 |   695 |   565 ||  2191
Invok: Heroism           |       |     1 |     2 |     8 |     9 |     9 |     6 ||    35
       Finesse           |       |       |       |     2 |     7 |    10 |     6 ||    25
 Abil: Fly               |       |       |       |       |       |     1 |       ||     1
  Use: Potion            |       |       |       |     5 |     1 |     5 |       ||    11
       Scroll            |       |       |       |     1 |       |     3 |     3 ||     7
 Stab: Confused          |       |       |       |       |     1 |       |       ||     1
       Sleeping          |       |       |       |       |       |     2 |     6 ||     8
  Eat: Chunk             |       |       |       |     8 |     6 |    15 |     7 ||    36
       Bread ration      |       |       |       |       |     1 |       |       ||     1
